2919 views
Uploaded 2021-08-21 11:23:11
Game version 1.32.10
26:15 long 4on4 ladder game on (8)NerubianPassage
Saved by GlaiVe
2919 views
Uploaded 2021-08-21 11:23:11
Game version 1.32.10
26:15 long 4on4 ladder game on (8)NerubianPassage


194 units @ 27.9k
/ 3.9k
96 buildings @ 12.3k
/ 5.3k

| Healing Salve | 2 | 200 |
| Lesser Clarity Potion | 1 | 70 |
| Orb of Lightning | 1 | 375 |
| Scroll of Town Portal | 4 | 1400 |
| total: | 8 | 2045g |
| Peon | 23 | 1725 | / | 0 |
| Troll Headhunter | 9 | 1260 | / | 180 |
| Shaman | 3 | 390 | / | 60 |
| Tauren | 8 | 2240 | / | 640 |
| Troll Berserker | 11 | 1540 | / | 220 |
| Troll Witch Doctor | 3 | 435 | / | 75 |
| total: | 57 | 7590g | / | 1175w |
| Watch Tower | 4 | 440 | / | 320 |
| Altar of Storms | 2 | 360 | / | 100 |
| Orc Burrow | 10 | 1600 | / | 400 |
| War Mill | 1 | 205 | / | 0 |
| Barracks | 1 | 180 | / | 50 |
| Voodoo Lounge | 1 | 130 | / | 30 |
| Great Hall | 1 | 385 | / | 185 |
| Spirit Lodge | 1 | 150 | / | 150 |
| Tauren Totem | 1 | 135 | / | 155 |
| Stronghold | 2 | 630 | / | 380 |
| Fortress | 3 | 975 | / | 570 |
| total: | 22 | 3585g | / | 1390w |
| 0:01 | Peon |
| 0:01 | Peon |
| 0:05 | Altar of Storms |
| 0:17 | Altar of Storms |
| 0:30 | Peon |
| 0:33 | Orc Burrow |
| 0:40 | Peon |
| 0:50 | War Mill |
| 1:02 | Barracks |
| 1:07 | Peon |
| 1:07 | Peon |
| 1:18 | Peon |
| 1:18 | Peon |
| 1:36 | Peon |
| 1:49 | Voodoo Lounge |
| 2:00 | Orc Burrow |
| 2:07 | Troll Headhunter |
| 2:07 | Troll Headhunter |
| 2:15 | Peon |
| 2:23 | Endurance Aura |
| 2:31 | Peon |
| 2:53 | Troll Headhunter |
| 2:58 | Healing Salve |
| 2:58 | Lesser Clarity Potion |
| 3:17 | Stronghold |
| 3:33 | Troll Headhunter |
| 3:46 | Troll Headhunter |
| 4:09 | Troll Headhunter |
| 4:24 | Troll Headhunter |
| 4:33 | Orc Burrow |
| 4:38 | War Stomp |
| 4:52 | Troll Headhunter |
| 5:28 | Steel Ranged Weapons |
| 5:48 | Endurance Aura |
| 5:57 | Fortress |
| 5:58 | Spirit Lodge |
| 6:07 | Troll Regeneration |
| 7:10 | Thorium Ranged Weapons |
| 7:14 | Orc Burrow |
| 7:21 | War Stomp |
| 7:33 | Shaman Adept Training |
| 7:33 | Shaman Master Training |
| 8:11 | Troll Headhunter |
| 8:16 | Tauren Totem |
| 8:24 | Berserker Upgrade |
| 8:30 | Orb of Lightning |
| 8:45 | Peon |
| 8:45 | Peon |
| 9:15 | Shaman |
| 9:15 | Shaman |
| 9:23 | Great Hall |
| 9:40 | Tauren |
| 10:15 | Scroll of Town Portal |
| 10:26 | Pulverize |
| 10:54 | Shaman |
| 11:11 | Orc Burrow |
| 11:34 | Witch Doctor Adept Training |
| 11:36 | Arcanite Ranged Weapons |
| 11:52 | Endurance Aura |
| 12:00 | Troll Berserker |
| 12:11 | Tauren |
| 12:27 | Orc Burrow |
| 12:32 | Peon |
| 12:32 | Peon |
| 12:33 | Peon |
| 12:34 | Peon |
| 13:18 | Healing Salve |
| 13:21 | Scroll of Town Portal |
| 13:39 | Witch Doctor Master Training |
| 13:40 | Tauren |
| 14:07 | Reinforced Defenses |
| 14:27 | Tauren |
| 14:31 | Troll Berserker |
| 14:39 | Steel Armor |
| 14:58 | Troll Witch Doctor |
| 14:58 | Troll Witch Doctor |
| 14:58 | Troll Witch Doctor |
| 15:24 | Troll Berserker |
| 16:11 | Thorium Armor |
| 17:10 | Reincarnation |
| 17:13 | Scroll of Town Portal |
| 17:28 | Arcanite Armor |
| 17:48 | Troll Berserker |
| 17:49 | Troll Berserker |
| 17:49 | Troll Berserker |
| 18:52 | Troll Berserker |
| 18:53 | Troll Berserker |
| 18:53 | Troll Berserker |
| 19:19 | Troll Berserker |
| 19:19 | Troll Berserker |
| 19:21 | War Stomp |
| 20:38 | Orc Burrow |
| 21:35 | Peon |
| 21:36 | Peon |
| 21:36 | Peon |
| 21:36 | Peon |
| 21:36 | Peon |
| 21:36 | Peon |
| 21:39 | Scroll of Town Portal |
| 21:49 | Tauren |
| 22:19 | Shockwave |
| 24:09 | Steel Melee Weapons |
| 24:09 | Thorium Melee Weapons |
| 24:23 | Orc Burrow |
| 24:24 | Orc Burrow |
| 25:20 | Shockwave |
| 25:31 | Orc Burrow |
| 25:33 | Tauren |
| 25:33 | Tauren |
| 25:33 | Tauren |
| 26:09 | Watch Tower |
| 26:10 | Watch Tower |
| 26:11 | Watch Tower |
| 26:12 | Watch Tower |
| Select group | 2936 |
| Right click | 2787 |
| Select | 961 |
| Build/train/purchase | 194 |
| Misc. action | 146 |
| Assign group | 99 |
| Use ability | 26 |
| Chat | 16 |
| Item give/drop | 3 |
| Remove unit | 2 |
| Minimap ping | 1 |

x2)
| Scroll of Regeneration | 3 | 300 |
| Scroll of Town Portal | 3 | 1050 |
| Scroll of Healing | 1 | 250 |
| Tome of Retraining | 2 | 600 |
| Staff of Teleportation | 1 | 150 |
| Potion of Invisibility | 1 | 100 |
| Boots of Speed | 1 | 250 |
| total: | 12 | 2700g |
| Peasant | 31 | 2325 | / | 0 |
| Footman | 7 | 945 | / | 0 |
| Flying Machine | 5 | 500 | / | 150 |
| Spell Breaker | 9 | 1935 | / | 270 |
| Mortar Team | 6 | 1080 | / | 420 |
| Goblin Zeppelin | 1 | 240 | / | 60 |
| total: | 59 | 7025g | / | 900w |
| Scout Tower | 15 | 450 | / | 300 |
| Arcane Tower | 1 | 70 | / | 50 |
| Guard Tower | 9 | 630 | / | 450 |
| Altar of Kings | 1 | 180 | / | 50 |
| Lumber Mill | 1 | 120 | / | 0 |
| Farm | 14 | 1120 | / | 280 |
| Barracks | 1 | 160 | / | 60 |
| Arcane Vault | 2 | 260 | / | 60 |
| Town Hall | 2 | 770 | / | 410 |
| Blacksmith | 1 | 140 | / | 60 |
| Workshop | 2 | 280 | / | 280 |
| Arcane Sanctum | 1 | 150 | / | 140 |
| Keep | 1 | 320 | / | 210 |
| Castle | 1 | 360 | / | 210 |
| total: | 40 | 3630g | / | 1640w |
| 0:03 | Peasant |
| 0:03 | Peasant |
| 0:11 | Altar of Kings |
| 0:15 | Lumber Mill |
| 0:22 | Farm |
| 0:24 | Peasant |
| 0:44 | Peasant |
| 1:00 | Barracks |
| 1:03 | Peasant |
| 1:17 | Improved Lumber Harvesting |
| 1:19 | Farm |
| 1:25 | Peasant |
| 1:43 | Scout Tower |
| 1:45 | Peasant |
| 1:58 | Farm |
| 2:01 | Footman |
| 2:08 | Arcane Tower |
| 2:12 | Summon Water Elemental |
| 2:18 | Peasant |
| 2:25 | Footman |
| 2:36 | Peasant |
| 2:46 | Footman |
| 2:56 | Peasant |
| 3:08 | Footman |
| 3:23 | Peasant |
| 3:37 | Brilliance Aura |
| 3:40 | Arcane Vault |
| 3:42 | Farm |
| 3:59 | Peasant |
| 4:24 | Footman |
| 4:47 | Scout Tower |
| 4:50 | Scout Tower |
| 4:51 | Summon Water Elemental |
| 4:54 | Town Hall |
| 4:55 | Scout Tower |
| 4:57 | Scout Tower |
| 5:15 | Guard Tower |
| 5:20 | Guard Tower |
| 5:27 | Guard Tower |
| 5:31 | Guard Tower |
| 5:33 | Scroll of Regeneration |
| 5:33 | Scroll of Regeneration |
| 5:49 | Scout Tower |
| 5:52 | Scout Tower |
| 6:09 | Footman |
| 6:22 | Keep |
| 6:25 | Guard Tower |
| 6:27 | Guard Tower |
| 6:44 | Footman |
| 6:46 | Scout Tower |
| 6:48 | Improved Masonry |
| 7:19 | Guard Tower |
| 7:23 | Blacksmith |
| 7:38 | Defend |
| 7:47 | Arcane Vault |
| 7:56 | Farm |
| 7:56 | Farm |
| 7:57 | Farm |
| 7:59 | Farm |
| 7:59 | Farm |
| 7:59 | Farm |
| 8:46 | Advanced Lumber Harvesting |
| 8:48 | Workshop |
| 8:49 | Workshop |
| 8:54 | Peasant |
| 8:54 | Peasant |
| 8:59 | Peasant |
| 9:20 | Scroll of Regeneration |
| 9:20 | Scroll of Town Portal |
| 9:27 | Arcane Sanctum |
| 10:07 | Brilliance Aura |
| 10:17 | Peasant |
| 10:17 | Peasant |
| 10:17 | Peasant |
| 10:17 | Peasant |
| 10:17 | Peasant |
| 10:30 | Flak Cannons |
| 10:32 | Flying Machine |
| 10:39 | Farm |
| 10:47 | Flying Machine |
| 10:49 | Goblin Zeppelin |
| 11:02 | Flying Machine |
| 11:06 | Scout Tower |
| 11:07 | Scout Tower |
| 11:19 | Scroll of Healing |
| 11:20 | Tome of Retraining |
| 11:20 | Retrain Hero |
| 11:23 | Blizzard |
| 11:23 | Blizzard |
| 11:37 | Flying Machine |
| 11:38 | Spell Breaker |
| 11:44 | Staff of Teleportation |
| 11:55 | Guard Tower |
| 12:02 | Spell Breaker |
| 12:13 | Spell Breaker |
| 12:15 | Farm |
| 12:36 | Spell Breaker |
| 12:44 | Farm |
| 12:57 | Spell Breaker |
| 13:09 | Tome of Retraining |
| 13:09 | Retrain Hero |
| 13:11 | Blizzard |
| 13:11 | Blizzard |
| 13:12 | Brilliance Aura |
| 13:13 | Brilliance Aura |
| 13:30 | Scroll of Town Portal |
| 13:48 | Peasant |
| 13:48 | Peasant |
| 14:37 | Spell Breaker |
| 14:46 | Blizzard |
| 14:55 | Spell Breaker |
| 15:34 | Mass Teleport |
| 15:44 | Spell Breaker |
| 15:57 | Flying Machine |
| 16:02 | Peasant |
| 16:27 | Potion of Invisibility |
| 16:28 | Boots of Speed |
| 17:22 | Spell Breaker |
| 17:50 | Peasant |
| 17:50 | Peasant |
| 18:37 | Mortar Team |
| 19:31 | Town Hall |
| 19:51 | Peasant |
| 19:51 | Peasant |
| 20:29 | Mortar Team |
| 21:19 | Mortar Team |
| 21:55 | Brilliance Aura |
| 22:09 | Farm |
| 22:45 | Scroll of Town Portal |
| 22:48 | Mortar Team |
| 22:54 | Peasant |
| 22:54 | Peasant |
| 22:54 | Peasant |
| 23:05 | Peasant |
| 23:52 | Castle |
| 24:07 | Mortar Team |
| 24:32 | Black Gunpowder |
| 24:35 | Scout Tower |
| 24:37 | Scout Tower |
| 24:39 | Scout Tower |
| 24:40 | Scout Tower |
| 24:41 | Scout Tower |
| 25:19 | Guard Tower |
| 25:21 | Advanced Masonry |
| 25:50 | Mortar Team |
| Right click | 1552 |
| Select group | 1435 |
| Select | 326 |
| Build/train/purchase | 165 |
| Misc. action | 155 |
| Chat | 52 |
| Assign group | 46 |
| Use ability | 37 |
| Esc | 6 |
| Item give/drop | 3 |
| Minimap ping | 2 |


| Moonstone | 1 | 50 |
| Potion of Healing | 1 | 150 |
| Orb of Venom | 1 | 325 |
| Scroll of Town Portal | 3 | 1050 |
| Potion of Lesser Invulnerability | 1 | 150 |
| total: | 7 | 1725g |
| Wisp | 12 | 720 | / | 0 |
| Archer | 9 | 1170 | / | 90 |
| Chimaera | 8 | 2640 | / | 560 |
| total: | 29 | 4530g | / | 650w |
| Moon Well | 7 | 1260 | / | 280 |
| Ancient of War | 1 | 150 | / | 60 |
| Altar of Elders | 1 | 180 | / | 50 |
| Hunter's Hall | 1 | 210 | / | 100 |
| Ancient of Wonders | 1 | 90 | / | 30 |
| Chimaera Roost | 3 | 420 | / | 570 |
| Tree of Ages | 2 | 640 | / | 360 |
| Tree of Eternity | 2 | 660 | / | 400 |
| total: | 14 | 2310g | / | 1090w |
| 0:03 | Wisp |
| 0:04 | Wisp |
| 0:04 | Wisp |
| 0:04 | Wisp |
| 0:17 | Moon Well |
| 0:33 | Ancient of War |
| 0:37 | Wisp |
| 0:37 | Wisp |
| 1:01 | Moon Well |
| 1:15 | Altar of Elders |
| 1:22 | Wisp |
| 1:34 | Archer |
| 1:40 | Wisp |
| 1:41 | Wisp |
| 1:54 | Archer |
| 2:05 | Archer |
| 2:28 | Archer |
| 2:32 | Breath of Fire |
| 2:43 | Wisp |
| 2:52 | Moon Well |
| 3:03 | Archer |
| 3:24 | Tree of Ages |
| 3:51 | Drunken Haze |
| 4:26 | Archer |
| 4:29 | Hunter's Hall |
| 4:36 | Archer |
| 4:40 | Archer |
| 4:58 | Archer |
| 5:17 | Moon Well |
| 5:26 | Breath of Fire |
| 6:03 | Wisp |
| 6:03 | Wisp |
| 6:13 | Ancient of Wonders |
| 6:25 | Tree of Eternity |
| 6:37 | Improved Bows |
| 6:48 | Trueshot Aura |
| 7:11 | Strength of the Wild |
| 7:12 | Improved Strength of the Wild |
| 7:44 | Reinforced Hides |
| 7:48 | Drunken Brawler |
| 8:09 | Moon Well |
| 8:13 | Searing Arrows |
| 9:03 | Potion of Lesser Invulnerability |
| 9:33 | Chimaera Roost |
| 9:34 | Chimaera Roost |
| 9:35 | Chimaera Roost |
| 10:07 | Moon Well |
| 10:11 | Moonstone |
| 10:14 | Potion of Healing |
| 10:30 | Advanced Strength of the Wild |
| 10:31 | Well Spring |
| 11:14 | Chimaera |
| 11:20 | Moon Well |
| 11:50 | Chimaera |
| 12:06 | Searing Arrows |
| 13:15 | Corrosive Breath |
| 13:29 | Scroll of Town Portal |
| 13:40 | Chimaera |
| 13:58 | Improved Reinforced Hides |
| 13:58 | Advanced Reinforced Hides |
| 14:42 | Breath of Fire |
| 14:48 | Chimaera |
| 14:59 | Trueshot Aura |
| 16:12 | Chimaera |
| 18:35 | Chimaera |
| 18:39 | Scroll of Town Portal |
| 19:29 | Orb of Venom |
| 20:27 | Storm Earth and Fire |
| 20:49 | Chimaera |
| 21:15 | Searing Arrows |
| 21:49 | Scroll of Town Portal |
| 23:37 | Drunken Brawler |
| 23:38 | Starfall |
| 23:43 | Chimaera |
| Right click | 903 |
| Select | 328 |
| Select group | 127 |
| Build/train/purchase | 85 |
| Use ability | 45 |
| Assign group | 21 |
| Item give/drop | 5 |
| Chat | 4 |
| Minimap ping | 2 |
| Remove unit | 1 |


x1)
| Scroll of Regeneration | 2 | 200 |
| Potion of Mana | 1 | 200 |
| Potion of Healing | 2 | 300 |
| Scroll of Healing | 3 | 750 |
| Scroll of Town Portal | 1 | 350 |
| Tome of Retraining | 1 | 300 |
| total: | 10 | 2100g |
| Peasant | 10 | 750 | / | 0 |
| Rifleman | 21 | 4305 | / | 630 |
| Spell Breaker | 7 | 1505 | / | 210 |
| Priest | 8 | 1080 | / | 80 |
| Goblin Shredder | 3 | 1125 | / | 300 |
| total: | 49 | 8765g | / | 1220w |
| Farm | 10 | 800 | / | 200 |
| Altar of Kings | 1 | 180 | / | 50 |
| Barracks | 2 | 320 | / | 120 |
| Blacksmith | 1 | 140 | / | 60 |
| Arcane Vault | 1 | 130 | / | 30 |
| Lumber Mill | 1 | 120 | / | 0 |
| Town Hall | 2 | 770 | / | 410 |
| Arcane Sanctum | 2 | 300 | / | 280 |
| Keep | 1 | 320 | / | 210 |
| Castle | 2 | 720 | / | 420 |
| total: | 20 | 2760g | / | 1150w |
| 0:04 | Peasant |
| 0:04 | Peasant |
| 0:12 | Peasant |
| 0:23 | Peasant |
| 0:55 | Peasant |
| 1:09 | Farm |
| 1:14 | Peasant |
| 1:23 | Altar of Kings |
| 1:28 | Barracks |
| 1:30 | Farm |
| 1:33 | Barracks |
| 1:38 | Peasant |
| 1:39 | Peasant |
| 1:45 | Blacksmith |
| 1:48 | Peasant |
| 1:54 | Farm |
| 1:59 | Peasant |
| 2:25 | Arcane Vault |
| 2:45 | Farm |
| 2:59 | Rifleman |
| 3:25 | Summon Water Elemental |
| 3:29 | Rifleman |
| 3:45 | Rifleman |
| 3:49 | Keep |
| 3:52 | Lumber Mill |
| 3:59 | Farm |
| 4:11 | Black Gunpowder |
| 4:28 | Rifleman |
| 4:38 | Brilliance Aura |
| 5:07 | Rifleman |
| 5:23 | Rifleman |
| 5:50 | Summon Water Elemental |
| 5:59 | Farm |
| 5:59 | Farm |
| 6:06 | Rifleman |
| 6:09 | Improved Masonry |
| 6:35 | Long Rifles |
| 6:53 | Arcane Sanctum |
| 6:56 | Arcane Sanctum |
| 7:17 | Rifleman |
| 7:29 | Brilliance Aura |
| 7:32 | Refined Gunpowder |
| 7:55 | Goblin Shredder |
| 7:55 | Goblin Shredder |
| 7:56 | Goblin Shredder |
| 8:22 | Holy Light |
| 8:37 | Town Hall |
| 9:17 | Farm |
| 9:18 | Farm |
| 9:18 | Farm |
| 9:25 | Advanced Masonry |
| 9:29 | Studded Leather Armor |
| 9:29 | Reinforced Leather Armor |
| 10:14 | Devotion Aura |
| 10:25 | Rifleman |
| 10:28 | Spell Breaker |
| 10:31 | Priest Adept Training |
| 10:31 | Priest Master Training |
| 10:40 | Scroll of Regeneration |
| 10:47 | Potion of Mana |
| 10:47 | Potion of Healing |
| 11:22 | Rifleman |
| 11:23 | Rifleman |
| 11:24 | Priest |
| 11:24 | Priest |
| 11:26 | Scroll of Healing |
| 11:41 | Castle |
| 12:17 | Priest |
| 12:29 | Dragonhide Armor |
| 13:03 | Spell Breaker |
| 13:32 | Spell Breaker |
| 13:35 | Iron Plating |
| 13:36 | Steel Plating |
| 13:36 | Iron Forged Swords |
| 13:36 | Steel Forged Swords |
| 13:38 | Improved Lumber Harvesting |
| 14:49 | Brilliance Aura |
| 15:02 | Devotion Aura |
| 15:02 | Devotion Aura |
| 15:21 | Spell Breaker |
| 15:21 | Spell Breaker |
| 15:22 | Rifleman |
| 15:50 | Scroll of Town Portal |
| 15:51 | Potion of Healing |
| 15:53 | Scroll of Regeneration |
| 15:56 | Rifleman |
| 15:56 | Rifleman |
| 16:10 | Mithril Forged Swords |
| 16:10 | Mithril Plating |
| 16:28 | Priest |
| 16:30 | Rifleman |
| 17:27 | Spell Breaker |
| 17:29 | Rifleman |
| 17:40 | Tome of Retraining |
| 17:40 | Retrain Hero |
| 17:40 | Scroll of Healing |
| 17:44 | Blizzard |
| 17:44 | Blizzard |
| 17:44 | Blizzard |
| 17:45 | Brilliance Aura |
| 17:45 | Brilliance Aura |
| 17:47 | Scroll of Healing |
| 18:26 | Spell Breaker |
| 18:37 | Mass Teleport |
| 19:07 | Holy Light |
| 19:29 | Priest |
| 19:30 | Rifleman |
| 20:28 | Rifleman |
| 20:28 | Rifleman |
| 20:29 | Priest |
| 20:30 | Priest |
| 20:38 | Holy Light |
| 21:02 | Town Hall |
| 21:27 | Brilliance Aura |
| 21:40 | Priest |
| 21:42 | Imbued Masonry |
| 21:44 | Imbued Gunpowder |
| 23:43 | Rifleman |
| 24:12 | Rifleman |
| 24:48 | Devotion Aura |
| 25:23 | Summon Water Elemental |
| Right click | 891 |
| Select group | 836 |
| Select | 375 |
| Misc. action | 278 |
| Build/train/purchase | 188 |
| Assign group | 67 |
| Use ability | 43 |
| Minimap ping | 12 |
| Esc | 5 |
| Chat | 4 |
| Item give/drop | 3 |
159 units @ 24k
/ 2.9k
95 buildings @ 13.3k
/ 5.9k

| Healing Salve | 1 | 100 |
| total: | 1 | 100g |
| Peon | 15 | 1125 | / | 0 |
| Grunt | 7 | 1400 | / | 0 |
| Tauren | 6 | 1680 | / | 480 |
| Troll Witch Doctor | 3 | 435 | / | 75 |
| total: | 31 | 4640g | / | 555w |
| Altar of Storms | 1 | 180 | / | 50 |
| Orc Burrow | 6 | 960 | / | 240 |
| Barracks | 1 | 180 | / | 50 |
| War Mill | 1 | 205 | / | 0 |
| Voodoo Lounge | 1 | 130 | / | 30 |
| Great Hall | 2 | 770 | / | 370 |
| Tauren Totem | 1 | 135 | / | 155 |
| Spirit Lodge | 1 | 150 | / | 150 |
| Stronghold | 1 | 315 | / | 190 |
| Fortress | 1 | 325 | / | 190 |
| total: | 14 | 2710g | / | 1045w |
| 0:05 | Peon |
| 0:09 | Altar of Storms |
| 0:13 | Orc Burrow |
| 0:19 | Peon |
| 0:29 | Barracks |
| 0:41 | Peon |
| 1:00 | Peon |
| 1:08 | Peon |
| 1:21 | War Mill |
| 1:43 | Orc Burrow |
| 1:45 | Peon |
| 2:00 | Peon |
| 2:02 | Peon |
| 2:14 | Healing Wave |
| 2:21 | Voodoo Lounge |
| 2:23 | Peon |
| 2:39 | Grunt |
| 3:16 | Grunt |
| 4:00 | Stronghold |
| 4:01 | Grunt |
| 4:09 | Orc Burrow |
| 4:32 | Grunt |
| 4:40 | Healing Salve |
| 4:54 | Steel Melee Weapons |
| 5:34 | Serpent Ward |
| 5:47 | Orc Burrow |
| 5:50 | Grunt |
| 6:41 | Berserker Strength |
| 6:45 | Steel Armor |
| 6:47 | Fortress |
| 6:53 | Tauren Totem |
| 7:05 | Great Hall |
| 7:42 | Grunt |
| 8:13 | Orc Burrow |
| 8:16 | Grunt |
| 8:32 | Thorium Melee Weapons |
| 9:11 | Healing Wave |
| 9:27 | Pulverize |
| 9:33 | Spirit Lodge |
| 9:39 | Thorium Armor |
| 9:52 | Peon |
| 9:53 | Peon |
| 9:53 | Peon |
| 10:15 | Tauren |
| 10:23 | Pillage |
| 10:29 | Peon |
| 10:43 | Tauren |
| 10:55 | Witch Doctor Adept Training |
| 11:33 | Tauren |
| 11:36 | Peon |
| 11:37 | Peon |
| 11:46 | Orc Burrow |
| 11:51 | Tauren |
| 12:21 | Witch Doctor Master Training |
| 13:15 | Troll Witch Doctor |
| 13:16 | Troll Witch Doctor |
| 13:19 | Tauren |
| 14:07 | Troll Witch Doctor |
| 14:11 | Tauren |
| 14:14 | Arcanite Melee Weapons |
| 15:07 | Serpent Ward |
| 17:36 | Great Hall |
| Right click | 596 |
| Select | 221 |
| Build/train/purchase | 49 |
| Use ability | 25 |
| Resource trade | 15 |
| Misc. action | 8 |



| Scroll of Regeneration | 9 | 900 |
| Lesser Clarity Potion | 2 | 140 |
| Potion of Healing | 3 | 450 |
| Orb of Fire | 3 | 975 |
| Staff of Sanctuary | 2 | 500 |
| Potion of Mana | 1 | 200 |
| Scroll of Town Portal | 4 | 1400 |
| total: | 24 | 4565g |
| Peasant | 19 | 1425 | / | 0 |
| Footman | 8 | 1080 | / | 0 |
| Rifleman | 11 | 2255 | / | 330 |
| total: | 38 | 4760g | / | 330w |
| Scout Tower | 7 | 210 | / | 140 |
| Arcane Tower | 1 | 70 | / | 50 |
| Guard Tower | 2 | 140 | / | 100 |
| Altar of Kings | 1 | 180 | / | 50 |
| Farm | 11 | 880 | / | 220 |
| Barracks | 2 | 320 | / | 120 |
| Lumber Mill | 1 | 120 | / | 0 |
| Town Hall | 1 | 385 | / | 205 |
| Blacksmith | 1 | 140 | / | 60 |
| Arcane Vault | 1 | 130 | / | 30 |
| Keep | 1 | 320 | / | 210 |
| Castle | 1 | 360 | / | 210 |
| total: | 25 | 2365g | / | 825w |
| 0:03 | Peasant |
| 0:03 | Peasant |
| 0:08 | Altar of Kings |
| 0:10 | Farm |
| 0:13 | Barracks |
| 0:26 | Peasant |
| 0:44 | Farm |
| 0:50 | Peasant |
| 1:02 | Peasant |
| 1:14 | Footman |
| 1:14 | Footman |
| 1:20 | Peasant |
| 1:20 | Peasant |
| 1:34 | Farm |
| 1:39 | Footman |
| 1:39 | Footman |
| 1:50 | Peasant |
| 2:04 | Footman |
| 2:10 | Peasant |
| 2:20 | Summon Water Elemental |
| 2:25 | Farm |
| 2:27 | Peasant |
| 2:45 | Brilliance Aura |
| 2:58 | Footman |
| 3:01 | Peasant |
| 3:01 | Peasant |
| 3:14 | Lumber Mill |
| 3:26 | Peasant |
| 3:52 | Peasant |
| 4:21 | Town Hall |
| 4:31 | Scout Tower |
| 4:31 | Scout Tower |
| 4:31 | Scout Tower |
| 4:32 | Scout Tower |
| 5:11 | Footman |
| 5:11 | Peasant |
| 5:13 | Improved Lumber Harvesting |
| 5:21 | Summon Water Elemental |
| 5:40 | Keep |
| 5:41 | Peasant |
| 5:41 | Peasant |
| 5:44 | Arcane Tower |
| 5:53 | Scroll of Regeneration |
| 5:56 | Lesser Clarity Potion |
| 6:11 | Guard Tower |
| 6:14 | Blacksmith |
| 6:32 | Footman |
| 6:37 | Barracks |
| 7:19 | Guard Tower |
| 7:20 | Farm |
| 7:20 | Farm |
| 7:27 | Rifleman |
| 7:32 | Scroll of Regeneration |
| 7:34 | Scroll of Town Portal |
| 7:41 | Lesser Clarity Potion |
| 7:44 | Potion of Healing |
| 7:50 | Peasant |
| 7:50 | Peasant |
| 7:55 | Farm |
| 7:55 | Farm |
| 7:56 | Farm |
| 7:57 | Farm |
| 8:03 | Long Rifles |
| 8:15 | Brilliance Aura |
| 8:41 | Farm |
| 8:49 | Black Gunpowder |
| 8:51 | Rifleman |
| 8:59 | Arcane Vault |
| 9:38 | Storm Bolt |
| 9:41 | Castle |
| 9:42 | Rifleman |
| 9:56 | Potion of Healing |
| 9:56 | Scroll of Regeneration |
| 10:01 | Scroll of Regeneration |
| 10:27 | Scroll of Regeneration |
| 11:02 | Scroll of Town Portal |
| 11:03 | Orb of Fire |
| 11:15 | Studded Leather Armor |
| 12:22 | Rifleman |
| 12:22 | Refined Gunpowder |
| 13:24 | Thunder Clap |
| 13:32 | Staff of Sanctuary |
| 13:33 | Orb of Fire |
| 13:37 | Holy Light |
| 13:59 | Scroll of Town Portal |
| 14:00 | Scroll of Regeneration |
| 14:49 | Rifleman |
| 15:00 | Brilliance Aura |
| 15:20 | Imbued Gunpowder |
| 16:21 | Rifleman |
| 16:30 | Staff of Sanctuary |
| 16:30 | Orb of Fire |
| 16:31 | Rifleman |
| 17:23 | Reinforced Leather Armor |
| 17:50 | Scroll of Regeneration |
| 18:10 | Rifleman |
| 18:12 | Scroll of Town Portal |
| 18:13 | Scroll of Regeneration |
| 18:42 | Divine Shield |
| 19:38 | Rifleman |
| 20:11 | Rifleman |
| 20:17 | Potion of Healing |
| 20:18 | Scroll of Regeneration |
| 20:24 | Potion of Mana |
| 21:34 | Rifleman |
| 22:02 | Healing Wave |
| 22:22 | Scout Tower |
| 22:23 | Scout Tower |
| 22:24 | Scout Tower |
| Right click | 2174 |
| Select group | 2131 |
| Select | 476 |
| Build/train/purchase | 155 |
| Assign group | 59 |
| Use ability | 37 |
| Misc. action | 3 |
| Item give/drop | 3 |
| Minimap ping | 2 |


| Scroll of Regeneration | 2 | 200 |
| Lesser Clarity Potion | 2 | 140 |
| Staff of Sanctuary | 2 | 500 |
| Potion of Mana | 1 | 200 |
| Scroll of Town Portal | 3 | 1050 |
| Healing Salve | 1 | 100 |
| total: | 11 | 2190g |
| Peasant | 12 | 900 | / | 0 |
| Footman | 7 | 945 | / | 0 |
| Rifleman | 1 | 205 | / | 30 |
| Knight | 6 | 1470 | / | 360 |
| Dragonhawk Rider | 3 | 600 | / | 90 |
| Spell Breaker | 5 | 1075 | / | 150 |
| Goblin Shredder | 2 | 750 | / | 200 |
| total: | 36 | 5945g | / | 830w |
| Scout Tower | 1 | 30 | / | 20 |
| Arcane Tower | 2 | 140 | / | 100 |
| Altar of Kings | 1 | 180 | / | 50 |
| Farm | 14 | 1120 | / | 280 |
| Barracks | 2 | 320 | / | 120 |
| Lumber Mill | 1 | 120 | / | 0 |
| Arcane Vault | 2 | 260 | / | 60 |
| Blacksmith | 1 | 140 | / | 60 |
| Town Hall | 4 | 1540 | / | 820 |
| Gryphon Aviary | 2 | 280 | / | 300 |
| Arcane Sanctum | 2 | 300 | / | 280 |
| Keep | 2 | 640 | / | 420 |
| Castle | 2 | 720 | / | 420 |
| total: | 30 | 4290g | / | 1990w |
| 0:05 | Peasant |
| 0:06 | Peasant |
| 0:17 | Altar of Kings |
| 0:33 | Peasant |
| 0:34 | Farm |
| 0:38 | Barracks |
| 0:45 | Peasant |
| 1:03 | Farm |
| 1:06 | Peasant |
| 1:16 | Peasant |
| 1:29 | Peasant |
| 1:43 | Farm |
| 1:44 | Footman |
| 1:52 | Scout Tower |
| 1:54 | Peasant |
| 2:03 | Farm |
| 2:08 | Footman |
| 2:08 | Footman |
| 2:22 | Arcane Tower |
| 2:23 | Peasant |
| 2:23 | Peasant |
| 2:37 | Footman |
| 2:51 | Peasant |
| 3:04 | Footman |
| 3:17 | Peasant |
| 3:21 | Lumber Mill |
| 3:45 | Footman |
| 3:50 | Storm Bolt |
| 3:50 | Thunder Clap |
| 4:08 | Keep |
| 4:16 | Arcane Vault |
| 4:24 | Improved Lumber Harvesting |
| 4:24 | Advanced Lumber Harvesting |
| 4:48 | Defend |
| 5:12 | Goblin Shredder |
| 5:12 | Goblin Shredder |
| 5:22 | Footman |
| 5:39 | Improved Masonry |
| 5:45 | Blacksmith |
| 5:54 | Scroll of Regeneration |
| 5:54 | Lesser Clarity Potion |
| 6:25 | Thunder Clap |
| 7:26 | Castle |
| 7:29 | Long Rifles |
| 7:30 | Rifleman |
| 7:36 | Farm |
| 7:37 | Farm |
| 7:38 | Farm |
| 7:49 | Advanced Masonry |
| 7:49 | Imbued Masonry |
| 8:33 | Town Hall |
| 8:36 | Town Hall |
| 8:46 | Storm Bolt |
| 9:31 | Barracks |
| 10:15 | Animal War Training |
| 10:15 | Knight |
| 10:24 | Arcane Vault |
| 10:29 | Scroll of Town Portal |
| 10:33 | Holy Light |
| 10:36 | Staff of Sanctuary |
| 10:43 | Knight |
| 10:48 | Iron Plating |
| 10:48 | Steel Plating |
| 11:00 | Iron Forged Swords |
| 11:14 | Gryphon Aviary |
| 11:15 | Gryphon Aviary |
| 11:40 | Knight |
| 12:14 | Knight |
| 12:30 | Arcane Sanctum |
| 12:41 | Arcane Sanctum |
| 13:34 | Dragonhawk Rider |
| 13:38 | Divine Shield |
| 13:41 | Scroll of Town Portal |
| 13:56 | Spell Breaker |
| 13:58 | Control Magic |
| 14:04 | Farm |
| 14:04 | Farm |
| 14:58 | Storm Bolt |
| 15:06 | Holy Light |
| 15:15 | Spell Breaker |
| 15:48 | Knight |
| 15:50 | Dragonhawk Rider |
| 15:51 | Farm |
| 15:51 | Farm |
| 15:51 | Farm |
| 16:36 | Cloud |
| 16:37 | Dragonhawk Rider |
| 16:46 | Steel Forged Swords |
| 16:46 | Mithril Plating |
| 16:47 | Studded Leather Armor |
| 16:48 | Farm |
| 16:48 | Farm |
| 17:24 | Avatar |
| 17:27 | Spell Breaker |
| 17:40 | Scroll of Regeneration |
| 17:46 | Scroll of Town Portal |
| 17:56 | Staff of Sanctuary |
| 18:36 | Knight |
| 19:00 | Spell Breaker |
| 19:08 | Potion of Mana |
| 19:48 | Spell Breaker |
| 21:02 | Town Hall |
| 21:08 | Healing Salve |
| 21:12 | Lesser Clarity Potion |
| 21:49 | Town Hall |
| Right click | 1275 |
| Select | 699 |
| Misc. action | 185 |
| Build/train/purchase | 171 |
| Select group | 145 |
| Use ability | 50 |
| Assign group | 39 |
| Minimap ping | 12 |
| Esc | 8 |
| Remove unit | 3 |
| Item give/drop | 2 |

| Healing Salve | 2 | 200 |
| Scroll of Speed | 2 | 100 |
| Orb of Lightning | 1 | 375 |
| Scroll of Town Portal | 2 | 700 |
| total: | 7 | 1375g |
| Peon | 17 | 1275 | / | 0 |
| Troll Headhunter | 9 | 1260 | / | 180 |
| Wind Rider | 16 | 4240 | / | 640 |
| Troll Berserker | 7 | 980 | / | 140 |
| Troll Batrider | 3 | 480 | / | 120 |
| Demolisher | 2 | 440 | / | 100 |
| total: | 54 | 8675g | / | 1180w |
| Watch Tower | 9 | 990 | / | 720 |
| Orc Burrow | 7 | 1120 | / | 280 |
| Altar of Storms | 1 | 180 | / | 50 |
| War Mill | 1 | 205 | / | 0 |
| Barracks | 1 | 180 | / | 50 |
| Voodoo Lounge | 1 | 130 | / | 30 |
| Great Hall | 1 | 385 | / | 185 |
| Beastiary | 5 | 725 | / | 700 |
| Stronghold | 1 | 315 | / | 190 |
| Fortress | 1 | 325 | / | 190 |
| total: | 26 | 3915g | / | 2015w |
| 0:05 | Peon |
| 0:06 | Peon |
| 0:06 | Peon |
| 0:06 | Peon |
| 0:23 | Orc Burrow |
| 0:38 | Altar of Storms |
| 0:54 | Peon |
| 1:09 | War Mill |
| 1:19 | Peon |
| 1:37 | Peon |
| 1:49 | Barracks |
| 1:54 | Peon |
| 2:20 | Stronghold |
| 2:39 | Orc Burrow |
| 2:55 | Troll Headhunter |
| 2:56 | Troll Headhunter |
| 3:08 | Troll Headhunter |
| 3:21 | War Stomp |
| 3:53 | Troll Headhunter |
| 3:53 | Troll Headhunter |
| 3:59 | Orc Burrow |
| 4:31 | Voodoo Lounge |
| 4:35 | Troll Headhunter |
| 4:37 | Steel Armor |
| 4:45 | Troll Regeneration |
| 5:11 | Watch Tower |
| 5:47 | Troll Headhunter |
| 5:51 | Beastiary |
| 6:05 | Healing Salve |
| 6:06 | Scroll of Speed |
| 6:25 | Troll Headhunter |
| 7:10 | Steel Ranged Weapons |
| 7:15 | Watch Tower |
| 7:18 | Wind Rider |
| 7:31 | Orc Burrow |
| 7:40 | Fortress |
| 7:43 | Orc Burrow |
| 8:43 | Wind Rider |
| 8:45 | Troll Headhunter |
| 8:49 | Spiked Barricades |
| 8:51 | Thorium Ranged Weapons |
| 9:01 | Endurance Aura |
| 9:36 | Wind Rider |
| 9:53 | Watch Tower |
| 10:11 | Orb of Lightning |
| 10:12 | Healing Salve |
| 10:34 | Berserker Upgrade |
| 10:40 | Peon |
| 10:40 | Peon |
| 10:40 | Peon |
| 11:17 | Endurance Aura |
| 11:49 | Wind Rider |
| 11:49 | Wind Rider |
| 12:19 | Troll Berserker |
| 12:21 | Wind Rider |
| 12:21 | Wind Rider |
| 13:43 | Troll Berserker |
| 13:54 | Great Hall |
| 14:01 | Scroll of Town Portal |
| 14:24 | Scroll of Town Portal |
| 14:25 | Scroll of Speed |
| 15:15 | Troll Berserker |
| 15:15 | Troll Berserker |
| 15:17 | Envenomed Spears |
| 15:17 | Wind Rider |
| 15:18 | Wind Rider |
| 15:26 | Beastiary |
| 15:48 | Improved Spiked Barricades |
| 15:51 | Reinforced Defenses |
| 16:01 | Peon |
| 16:01 | Peon |
| 16:12 | Watch Tower |
| 16:30 | Watch Tower |
| 16:37 | Watch Tower |
| 16:46 | Orc Burrow |
| 16:54 | Peon |
| 16:54 | Peon |
| 17:01 | Peon |
| 17:30 | Wind Rider |
| 17:44 | Troll Berserker |
| 17:52 | Wind Rider |
| 18:04 | War Stomp |
| 18:04 | Endurance Aura |
| 18:42 | Liquid Fire |
| 20:44 | Wind Rider |
| 20:44 | Wind Rider |
| 20:44 | Wind Rider |
| 20:46 | Troll Batrider |
| 20:46 | Troll Batrider |
| 20:46 | Troll Batrider |
| 20:48 | Thorium Armor |
| 20:50 | Demolisher |
| 20:50 | Demolisher |
| 21:07 | Watch Tower |
| 21:09 | Watch Tower |
| 21:14 | Wind Rider |
| 21:40 | Beastiary |
| 21:42 | Wind Rider |
| 21:47 | Orc Burrow |
| 21:51 | Beastiary |
| 21:54 | Beastiary |
| 21:56 | Peon |
| 22:27 | Watch Tower |
| 22:31 | Troll Berserker |
| 22:31 | Troll Berserker |
| Right click | 1403 |
| Select | 410 |
| Build/train/purchase | 110 |
| Use ability | 11 |
| Assign group | 3 |
| Minimap ping | 3 |
⇛